Map: 宿怨战场-天梯版

Players

MaSa

  • Race: Terran Terran
  • League: Gold

Serral - Winner!

  • Race: Zerg Zerg

Event: WESG 2018 Grand Finals

VOD

Have the link to the VOD?

Description

Time

  • Played on: March 11, 2019, 1:51 a.m.
  • Length: 4:56

All games in this series

Show
View Real Time Build Order
Export as new Build Order

MaSa Terran 

Build Orders:  

Get SALT Encoding   

  12  0:00  SCV  
  13  0:13  SCV  
  14  0:19  Supply Depot  
  14  0:25  SCV  
  15  0:41  Barracks  
  15  0:54  Barracks  
  15  1:01  SCV  
  16  1:09  Barracks  
  16  1:14  SCV  
  17  1:27  Marine  
  17  1:29  Orbital Command  
  18  1:43  Marine  
  18  1:45  Marine  
  20  1:48  Supply Depot  
  20  2:00  Marine  
  21  2:03  Marine x2  
  23  2:09  SCV  
  23  2:13  Bunker  
  24  2:18  Marine  
  24  2:21  Marine  
  26  2:22  Bunker  
  26  2:24  SCV  
  27  2:33  Marine  
  27  2:35  Bunker  
  28  2:38  Marine  
  28  2:39  SCV  
  28  2:44  Marine  
  31  2:52  Marine  
  31  2:56  Marine  
  30  3:00  SCV  
  30  3:01  Marine  
  28  3:09  Marine  
  29  3:13  Marine  
  29  3:15  Supply Depot  
  29  3:17  SCV  
  31  3:28  Supply Depot  
  31  3:36  Marine x3, SCV  
  35  3:44  Supply Depot  
  35  3:52  Supply Depot  
  35  3:54  Marine x3  
  38  3:58  SCV  
  39  4:12  Marine x3  
  39  4:13  SCV  
  43  4:25  SCV  
  43  4:29  Marine x3  
Show
View Real Time Build Order
Export as new Build Order

Serral Zerg - Winner!

Build Orders: Pool First 

Get SALT Encoding   

  12  0:02  Drone  
  13  0:12  Overlord  
  13  0:19  Drone  
  14  0:31  Drone x2  
  16  0:42  Spawning Pool  
  15  0:44  Drone  
  15  0:48  Drone  
  17  1:09  Hatchery  
  16  1:11  Drone  
  17  1:29  Zergling x6  
  17  1:30  Queen  
  22  1:32  Extractor  
  21  1:41  Overlord  
  21  1:51  Drone  
  22  2:01  Spine Crawler  
  21  2:03  Zergling x2  
  21  2:06  Queen  
  24  2:12  Zergling x2  
  25  2:20  Queen  
  25  2:22  Zergling x2  
  27  2:26  Zergling x2  
  28  2:32  Zergling x2  
  28  2:34  Zergling x2  
  29  2:41  Queen  
  29  2:49  Zergling x4  
  29  2:54  Zergling x2  
  28  3:00  Zergling x2  
  28  3:08  Queen  
  30  3:16  Drone  
  30  3:19  Roach Warren  
  30  3:24  Overlord  
  30  3:32  Overlord  
  30  3:39  Extractor  
  29  3:43  Drone x2  
  29  3:47  Drone  
  32  3:51  Drone  
  33  4:02  Roach  
  35  4:03  Roach  
  35  4:09  Roach  
  39  4:14  Roach  
  41  4:19  Roach  
  43  4:27  Spine Crawler  
  43  4:31  Roach  
Tags
 
Add a new tag
Caveats
  • Supply blocks, unpowered buildings, or Contaminate may cause inaccurate times.
  • Supply counts are checked every 10 seconds.